 Dungeon Crawl Stone Soup version 0.29-a0-841-g116ddc6ace (webtiles) character file.

Game seed: 15634658480379236679

504 Hasart the Shooter (level 6, -5/51 HPs)
             Began as a Demigod Hunter on July 15, 2022.
             Slain by a killer bee (8 damage)
             ... on level 5 of the Dungeon.
             The game lasted 00:06:38 (4400 turns).

Hasart the Shooter (Demigod Hunter)                 Turns: 4400, Time: 00:06:39

Health: -5/51      AC:  5    Str: 12    XL:     6   Next: 64%
Magic:  8/8        EV: 14    Int: 11    God:
Gold:   258        SH:  0    Dex: 25    Spells: 5/5 levels left

rFire   + . .      SeeInvis .   a - +0 shortbow
rCold   + . .      Faith    .   (shield currently unavailable)
rNeg    . . .      Spirit   .   c - +0 leather armour
rPois   .          Reflect  .   z - +1 helmet
rElec   .          Harm     .   q - scarf {rC+ rF+}
rCorr   .          Rampage  .   (no gloves)
Will    .....                   (no boots)
Stlth   +++.......              (no amulet)
HPRegen 0.17/turn               (no ring)
MPRegen 0.11/turn               (no ring)

@: lethally poisoned (-5 -> -13)
A: high MP 1, forlorn, divine attributes
a: no special abilities


You were on level 5 of the Dungeon.
You visited 1 branch of the dungeon, and saw 6 of its levels.

You collected 258 gold pieces.

Inventory:

Hand Weapons
 a - a +0 shortbow (weapon)
Armour
 c - a +0 leather armour (worn)
 q - a scarf of resistance (worn)
 z - a +1 helmet (worn)
Wands
 u - a wand of charming (8)
 v - a wand of flame (21)
 y - a wand of polymorph (5)
Scrolls
 b - a scroll of immolation
 e - 5 scrolls of identify {unknown}
 g - 4 scrolls of teleportation {unknown}
 i - a scroll of noise {unknown}
 k - 2 scrolls of blinking {unknown}
 n - 2 scrolls of enchant weapon {unknown}
 p - 2 scrolls of vulnerability {unknown}
 r - a scroll of fear {unknown}
 t - a scroll of amnesia {unknown}
 w - a scroll of summoning {unknown}
 A - a scroll of enchant armour {unknown}
Potions
 d - 3 potions of flight {unknown}
 f - a potion of resistance {unknown}
 h - 3 potions of might {unknown}
 j - a potion of lignification {unknown}
 l - 2 potions of curing {unknown}
 m - 2 potions of haste {unknown}
 o - a potion of magic {unknown}
 s - 3 potions of heal wounds {unknown}
 x - a potion of degeneration {unknown}


   Skills:
 + Level 3.4 Fighting
 * Level 5.4 Ranged Weapons
 + Level 3.3 Dodging
 + Level 3.1 Stealth
 + Level 1.1 Evocations


You had 5 spell levels left.
You didn't know any spells.
Your spell library contained the following spells:

 Spells                   Type           Power      Damage    Failure   Level
 Shock                    Conj/Air       0%         1d3       41%         1
 Slow                     Hex            0%         N/A       41%         1
 Conjure Flame            Conj/Fire      0%         6-21      80%         3
 Swiftness                Air            0%         N/A       80%         3
 Airstrike                Air            0%         0-1+      99%         4
 Leda's Liquefaction      Hex/Erth       0%         N/A       99%         4
 Starburst                Conj/Fire      0%         6d3       100%        6


Dungeon Overview and Level Annotations

Branches:
Dungeon (6/15)
 Temple: D:4-7

Shops:
D:1 *


Innate Abilities, Weirdness & Mutations

You have an increased reservoir of magic. (+10% MP)
You shall have no god before yourself.
Your divine heritage dramatically boosts your attributes as you level up.


Message History

You feel sick.
Your killer bee barely misses the killer bee.
The killer bee barely misses your killer bee.
The killer bee misses your killer bee.
Your killer bee closely misses the killer bee.
Unknown command.
You feel sick.
Your killer bee dies!
The killer bee misses you.
Unknown command.
Fire: a) +0 shortbow
Press: ? - help, Q - select action, (/) - cycle Shift-Dir - straight line, f/p - killer bee
Aim: a killer bee (almost dead, 44% to hit)
You shoot an arrow. The arrow hits the killer bee.
The killer bee is almost dead.
You feel sick.
You are no longer poisoned.
The killer bee stings you.
* * * LOW HITPOINT WARNING * * *
You are poisoned.
The killer bee poisons you! The killer bee stings you.
* * * LOW HITPOINT WARNING * * *
You are lethally poisoned!
The killer bee poisons you!
Fire: a) +0 shortbow
Press: ? - help, Q - select action, (/) - cycle Shift-Dir - straight line, f/p - killer bee
Aim: a killer bee (almost dead, 44% to hit)
You shoot an arrow. The arrow misses the killer bee.
* * * LOW HITPOINT WARNING * * *
You feel very sick.
The killer bee barely misses you. x2; The killer bee closely misses you.
Fire: a) +0 shortbow
Press: ? - help, Q - select action, (/) - cycle Shift-Dir - straight line, f/p - killer bee
Aim: a killer bee (almost dead, 44% to hit)
You shoot an arrow.
The arrow closely misses the killer bee.
* * * LOW HITPOINT WARNING * * *
You feel very sick. The killer bee stings you!
You die...

.# ####.##.# ..
..##.##.### .#
#.##.##... .#
#.##.##..# .#
#.##.##..# .#
#.##.##..#
#.#####.####.##.##..#
#....>......†y.....#
#.##.##.####.##@##.##
# .# #.##<##.# .#
#.##.##.# ..
..##.##.# .#
####.##.# .# #.##.#
.. ..##.# ####.# #.#


You could see a killer bee.

Vanquished Creatures
  2 scorpions
  2 killer bees
  A jelly (D:6)
  An iguana (D:6)
  2 orc wizards
  Robin (D:3)
  5 adders
  2 white imps (D:6)
  3 worms
  A dart slug (D:4)
  6 orcs
  6 ball pythons
  7 endoplasms
  4 giant cockroaches
  12 goblins
  9 hobgoblins
  2 jackals (D:2)
  3 quokkas
  3 bats
  5 frilled lizards
  6 kobolds
  29 rats
112 creatures vanquished.

Vanquished Creatures (others)
  A killer bee (D:5)
1 creature vanquished.

Grand Total: 113 creatures vanquished

Notes
Turn   | Place    | Note
-------+----------+-------------------------------------------
     0 | D:1      | Hasart the Demigod Hunter began the quest for the Orb.
     0 | D:1      | Reached XP level 1. HP: 17/17 MP: 3/3
    26 | D:1      | Reached skill level 1 in Stealth
    29 | D:1      | Found Raika's General Store.
   108 | D:1      | Reached XP level 2. HP: 23/24 MP: 4/4
   594 | D:2      | Reached skill level 4 in Ranged Weapons
   773 | D:2      | Reached XP level 3. HP: 29/29 MP: 5/5
  1424 | D:3      | Noticed Robin
  1445 | D:3      | Reached XP level 4. HP: 36/37 MP: 6/6
  1478 | D:3      | Killed Robin
  2932 | D:4      | Reached XP level 5. HP: 42/42 MP: 7/7
  3238 | D:4      | You fall into a shaft and drop 2 floors!
  3265 | D:5      | Entered Level 5 of the Dungeon
  3265 | D:5      | Noticed an ogre
  3279 | D:6      | Got Vovulus's Precepts of Beguiling and the Arsonist
  3294 | D:6      | Reached skill level 5 in Ranged Weapons
  3835 | D:6      | Reached XP level 6. HP: 4/51 MP: 8/8
  4276 | D:5      | Reached skill level 1 in Evocations
  4400 | D:5      | Slain by a killer bee

Illustrated notes

Levels and vault maps discovered:
D:1:      onia_arrival_handbag, layout_rooms, serial_shops, shop,
          hellmonk_ecumenical_altar_inner_sanctum, hex_large,
          due_unseen_surprise
D:2:      layout_rooms, basic_altar, kennysheep_another_room
D:3:      layout_basic, minmay_rat_hole, uniq_robin
D:4:      layout_cave_pools, nicolae_uskayaw_en_pointe,
          ashenzari_conservatory_becter, corexii_item_surrounded_by_moat
D:5:      layout_loops_ring, lightli_temple_of_fire,
          minmay_temple_entry_crystal_x
D:6:      layout_basic, gammafunk_temple_overflow_statue,
          chequers_serial_rivers_micro_b

Skill      XL: |  1  2  3  4  5  6 |
---------------+-------------------+-----
Stealth        | 1 2 3 |  3.1
Fighting       | 2 3 |  3.4
Dodging        | 2 3 |  3.3
Ranged Weapons | 4 5 |  5.4
Evocations     | 1 |  1.1

Action                   |  1- 3 |  4- 6 || total
-------------------------+-------+-------++-------
 Fire: Shortbow          |   162 |   152 ||   314
Evoke: Wand              |       |     2 ||     2
Armor: Leather armour    |     8 |    15 ||    23
Dodge: Dodged            |    31 |    50 ||    81

Table legend: (Time is in decaauts)
 A = Elapsed time spent in this place.
 B = Non-inter-level travel time spent in this place.
 C = Inter-level travel time spent in this place.
 D = Time resting spent in this place.
 E = Time spent auto-exploring this place.
 F = Levels seen in this place.
 G = Mean time per level.
                   A        B        C        D        E       F      G
               +--------+--------+--------+--------+--------+-----+--------+
         Total |   4503 |   4426 |     77 |    762 |   2940 |   6 |  750.5 |
       Dungeon |   4503 |   4426 |     77 |    762 |   2940 |   6 |  750.5 |
               +--------+--------+--------+--------+--------+-----+--------+

Top non-repeatable levels by time:
     D:3: 1857 daAuts
     D:6: 1009 daAuts
     D:2: 565 daAuts
     D:1: 548 daAuts
     D:4: 358 daAuts
     D:5: 164 daAuts
